cohdb
Replays
Latest Replays
All Replays
Popular Replays
Top Player Replays
Match Explorer
How It Works
Community
CoH3 Stats
Reddit
Sign in to upload your games and track your stats! →
Sign in with Steam
Match 42853486
Unlisted
Match 42853486
Overview
Messages
Build Orders
End
Construct Infanterie Kompanie
Kettenkrad Recon Vehicle
Grenadier Squad
Selects Breakthrough Battlegroup
Selects Breakthrough Battlegroup
Selects Breakthrough Battlegroup
Selects Breakthrough Battlegroup
Selects Breakthrough Battlegroup
Selects Breakthrough Battlegroup
Selects Breakthrough Battlegroup
Selects Assault Grenadiers
GrW 34 Mortar Team
MG 42 Machine Gun Team
Construct Panzergrenadier Kompanie
GrW 34 Mortar Team
Pioneer Squad
251 Medium Carrier
MG 42 Machine Gun Team
251 Medium Carrier
Selects 2.5-tonne Cargo Truck
Selects Smoke Bombing Run
2.5-tonne Cargo Truck
AI Takeover
Lunt3ZS7wqrH
charif.khoury
Summer
Traditional Game
darth vader
matrix4x4
thunder
kristof
0
0
Comments
sign in to comment!
No comments posted yet!